 Dungeon Crawl Stone Soup version 0.19.1-1-g22dce08 (webtiles) character file.

398 theAP the Cudgeler (level 7, -1/56 HPs)
             Began as a Formicid Fighter on Jan 3, 2017.
             Slain by Yoshimo's ghost (5 damage)
             ... in an ossuary.
             The game lasted 00:13:33 (4300 turns).

theAP the Cudgeler (Formicid Fighter)               Turns: 4300, Time: 00:13:36

Health: -1/56      AC:  7    Str: 21 (22) XL:     7   Next: 10%
Magic:  15/15      EV:  7    Int:  5 (8)  God:
Gold:   95         SH: 10    Dex:  8 (10) Spells: 0 memorised, 6 levels left

rFire  . . .     SeeInvis +     i - +0 whip
rCold  . . .     Gourm    .     b - +0 scale mail
rNeg   . . .     Faith    .     c - +1 shield
rPois  .         Spirit   .     (helmet unavailable)
rElec  .         Reflect  .     (no cloak)
rCorr  .         Harm     .     (no gloves)
MR     .....                    (no boots)
Stlth  ..........               h - amulet of magic regeneration
                                v - -4 ring of slaying (curse)
                                n - ring of magical power

@: flying
A: permanent stasis, dig shafts and tunnels, four strong arms, antennae 3, claws
1, low mp 1, shaggy fur 1, MP-powered wands
a: Dig, Shaft Self


You were in an ossuary.
You were not hungry.

You visited 1 branch of the dungeon, and saw 5 of its levels.
You also visited: Ossuary.

You collected 95 gold pieces.

Inventory:

Hand Weapons
 a - a +0 flail
 i - a +0 whip (weapon)
Armour
 b - a +0 scale mail (worn)
 c - a +1 shield (worn)
Jewellery
 e - an uncursed amulet of inaccuracy
 h - an amulet of magic regeneration (around neck)
 n - a ring of magical power (left claw)
 q - an uncursed ring of fire
 r - an uncursed ring of ice
 v - a cursed -4 ring of slaying (right claw)
 w - an uncursed amulet of regeneration {unknown}
Scrolls
 p - a scroll of identify
Potions
 d - a potion of might
 g - a potion of cancellation {unknown}
 m - a potion of agility {unknown}
 o - a potion of cure mutation {unknown}
Comestibles
 f - 4 bread rations
 l - 2 meat rations
 x - a chunk of flesh


   Skills:
 + Level 5.2 Fighting
 * Level 6.0 Maces & Flails
 - Level 3.2 Armour
 - Level 3.6 Shields


You had 6 spell levels left.
You didn't know any spells.

Dungeon Overview and Level Annotations

Branches:
Dungeon (5/15)
 Temple: D:4-7

Altars:
Xom
Zin

Annotations:
Ossuary Yoshimo's ghost, amateur DgSk


Innate Abilities, Weirdness & Mutations

You are under a permanent stasis effect.
You can dig through walls and to a lower floor.
Your four strong arms can wield two-handed weapons with a shield.
You have a pair of large antennae on your head. (SInv)
You have sharp fingernails.
Your magical capacity is low. (-10% MP)
You are covered in fur. (AC +1)
You expend magic power (3 MP) to strengthen your wands.


Message History

Yoshimo's ghost closely misses you. The gnoll zombie hits you.
* * * LOW HITPOINT WARNING * * *
You barely miss Yoshimo's ghost. You block Yoshimo's ghost's attack.
The hobgoblin zombie closely misses you.
The gnoll zombie closely misses you.
You miss Yoshimo's ghost. You block the gnoll zombie's attack.
Yoshimo's ghost barely misses you.
You block the hobgoblin zombie's attack.
The gnoll zombie hits you but does no damage.
You hit Yoshimo's ghost but do no damage.
Yoshimo's ghost hits you.
* * * LOW HITPOINT WARNING * * *
You block the gnoll zombie's attack.
It was a potion of degeneration.
There was something very wrong with that liquid.
You feel weakened.
You feel dopey.
You feel clumsy.
The gnoll zombie hits you but does no damage.
You block the hobgoblin zombie's attack.
Yoshimo's ghost hits you.
You die...

.........
.......
......
#....#
#....#
#ZZ..#
#ZZZ.#
#.@W.#
#....#
#....#
#....#
#.∩∩.#
######


You could see Yoshimo's ghost, a hobgoblin zombie, 3 gnoll zombies and an orc
zombie.

Vanquished Creatures
  A crimson imp (D:5)
  A bullfrog skeleton (D:4)
  2 hounds
  Natasha (twice) (D:3)
  2 hound skeletons
  10 adders
  An adder skeleton (D:3)
  2 worms
  A dart slug (D:4)
  2 leopard geckos
  12 orcs
  3 giant cockroaches
  6 goblins
  9 hobgoblins
  11 jackals
  10 kobolds
  3 quokkas
  6 bats
  3 frilled lizards (D:1)
  A kobold zombie (Ossuary)
  6 rats
94 creatures vanquished.

Notes
Turn   | Place    | Note
-------+----------+-------------------------------------------
     0 | D:1      | theAP the Formicid Fighter began the quest for the Orb.
     0 | D:1      | Reached XP level 1. HP: 18/18 MP: 1/1
   221 | D:1      | Reached XP level 2. HP: 24/24 MP: 2/2
   884 | D:2      | Reached XP level 3. HP: 27/29 MP: 3/3
   894 | D:2      | Reached skill level 3 in Maces & Flails
  1183 | D:2      | Gained mutation: You are covered in fur. (AC +1) [potion of mutation]
  1183 | D:2      | Gained mutation: Scrolls take you a little longer to read. [potion of mutation]
  1183 | D:2      | Gained mutation: You have sharp fingernails. [potion of mutation]
  1184 | D:2      | Gained mutation: Your magical capacity is low. (-10% MP) [potion of mutation]
  1184 | D:2      | Gained mutation: You expend magic power (3 MP) to strengthen your wands. [potion of mutation]
  1184 | D:2      | Lost mutation: Scrolls take you a little longer to read. [potion of mutation]
  1531 | D:2      | Found a shimmering altar of Xom.
  1592 | D:2      | Reached XP level 4. HP: 31/37 MP: 3/3
  1734 | D:3      | Noticed Natasha
  1742 | D:3      | Killed Natasha
  1802 | D:3      | Reached skill level 4 in Maces & Flails
  1961 | D:3      | Noticed Natasha
  1981 | D:3      | Killed Natasha
  1981 | D:3      | Reached XP level 5. HP: 17/42 MP: 4/4
  2913 | D:3      | Reached skill level 5 in Maces & Flails
  2913 | D:3      | Reached XP level 6. HP: 44/49 MP: 5/5
  3182 | D:3      | Found a glowing silver altar of Zin.
  3793 | D:4      | Reached skill level 5 in Fighting
  4091 | D:5      | Entered Level 5 of the Dungeon
  4157 | D:5      | Reached XP level 7. HP: 35/56 MP: 6/6
  4218 | D:5      | Reached skill level 6 in Maces & Flails
  4270 | D:5      | Found a sand-covered staircase.
  4275 | Ossuary  | Entered an ossuary
  4278 | Ossuary  | Noticed Yoshimo's ghost (amateur DgSk)
  4300 | Ossuary  | Slain by Yoshimo's ghost

Skill      XL: |  1  2  3  4  5  6  7 |
---------------+----------------------+-----
Maces & Flails | 3 4 5 6 |  6.0
Fighting       | 4 5 |  5.2
Armour         | |  3.2
Shields        | |  3.6

Action                   |  1- 3 |  4- 6 |  7- 9 || total
-------------------------+-------+-------+-------++-------
Melee: Flail             |    18 |       |       ||    18
       Whip              |   112 |   572 |    56 ||   740
  Use: Scroll            |     3 |     6 |     1 ||    10
       Potion            |     2 |     2 |     4 ||     8
  Eat: Chunk             |     1 |    10 |     1 ||    12
Armor: Scale mail        |    63 |   166 |    25 ||   254
       Skin              |       |     9 |       ||     9
Dodge: Dodged            |    36 |   156 |    23 ||   215
Block: Shield            |    71 |   254 |    41 ||   366
